 Dungeon Crawl Stone Soup version 0.30-b1-2-g02819fbbbe (webtiles) character file.

Game seed: 2069875193995516031

438 Flugkiller the Covered (level 6, -13/57 HPs)
             Began as a Minotaur Fighter on May 9, 2023.
             Mangled by an ogre
             ... wielding a +0 giant club
              (30 damage)
             ... on level 4 of the Dungeon.
             The game lasted 00:01:11 (2484 turns).

Flugkiller the Covered (Minotaur Fighter)           Turns: 2484, Time: 00:01:11

Health: -13/57     AC:  7    Str: 22    XL:     6   Next: 69%
Magic:  5/5        EV:  9    Int:  5    God:
Gold:   122        SH:  4    Dex: 10    Spells: 5/5 levels left

rFire   . . .        a - +1 war axe
rCold   . . .        c - +0 buckler
rNeg    . . .        b - +0 scale mail
rPois   .            (helmet restricted)
rElec   .            (no cloak)
rCorr   .            (no gloves)
SInv    .            (no boots)
Will    .....        (no amulet) Stlth
                     p - ring of flight
HPRegen 0.29/turn    (no ring)
MPRegen 0.09/turn

%: no passive effects
@: flying
A: horns 2, retaliatory headbutt
a: no special abilities


You were on level 4 of the Dungeon.
You visited 1 branch of the dungeon, and saw 4 of its levels.

You collected 122 gold pieces.

Inventory:

Hand Weapons
 a - a +1 war axe (weapon)
 n - a +0 hand axe of electrocution
   (You found it on level 2 of the Dungeon)
Armour
 b - a +0 scale mail (worn)
 c - a +0 buckler (worn)
Jewellery
 p - a ring of flight (left hand)
   (You found it on level 3 of the Dungeon)
Wands
 g - a wand of digging (4)
   (You took it off Grinder on level 3 of the Dungeon)
Scrolls
 i - a scroll of poison
 t - 2 scrolls of teleportation
Potions
 d - a potion of might
 e - a potion of cancellation {unknown}
 f - 3 potions of degeneration
 h - 4 potions of haste
 j - a potion of flight {unknown}
 k - 2 potions of attraction {unknown}
 l - a potion of resistance {unknown}
 q - a potion of curing {unknown}
 s - a potion of heal wounds {unknown}


   Skills:
 * Level 5.7 Fighting
 * Level 5.0 Axes
 * Level 5.8 Armour
 + Level 4.8 Shields


You had 5 spell levels left.
You didn't know any spells.
Your spell library was empty.

Dungeon Overview and Level Annotations

Branches:
Dungeon (4/15)
 Temple: D:4-7

Altars:
Gozag
Hepliaklqana


Innate Abilities, Weirdness & Mutations

You have a pair of horns on your head.
You reflexively headbutt those who attack you in melee.


Message History

No target in view!
You now have 113 gold pieces (gained 5).
Done exploring.
Done exploring.
Done exploring.
Done exploring.
No target in view!
(D) Dungeon
Where to? (Enter - D:3, ? - help)
There is a stone staircase leading down here.
You fly downwards.
The jelly quivers.
The goblin shouts!
Found a spear, 9 gold pieces and a scroll labelled QIZYT ETUUTEMEPU.
There is a stone staircase leading up here.
There are monsters nearby!
Unknown command.
You completely miss the jelly. You headbutt the jelly.
The jelly is lightly wounded.
You slash the goblin!
You kill the goblin!
You block the jelly's attack.
You hit the jelly.
Your hands burn!
You headbutt the jelly!
You kill the jelly!
You barely miss the hobgoblin.
The hobgoblin hits you but does no damage.
You barely miss the hobgoblin.
A goblin comes into view. It is wielding a +0 club.
You block the hobgoblin's attack.
You completely miss the hobgoblin. You headbutt the hobgoblin.
You kill the hobgoblin!
You slash the goblin!
You kill the goblin!
You see here a hobgoblin corpse.
There is a stone staircase leading up here.
You fly upwards.
There is a stone staircase leading down here.
You fly downwards.
There is a stone staircase leading up here.
As you read the scroll labelled QIZYT ETUUTEMEPU, it crumbles to dust.
It is a scroll of identify.
r - 3 potions of degeneration;
r - 3 scrolls of identify
f - 3 potions of degeneration
As you read the scroll of identify, it crumbles to dust.
j - 4 potions of haste;
h - 4 potions of haste;
j - a bubbling red potion
As you read the scroll of identify, it crumbles to dust.
i - a scroll of poison
As you read the scroll of identify, it crumbles to dust.
k - 2 scrolls of teleportation;
t - 2 scrolls of teleportation
k - 2 inky potions
As you read the scroll labelled JONKAI AMICU, it crumbles to dust.
The air around you briefly surges with heat, but it dissipates.
It was a scroll of immolation.
As you read the scroll labelled NIAGOGG HEUG, it crumbles to dust.
It is a scroll of enchant weapon.
Your +0 war axe glows red for a moment.
You start waiting.
Done waiting.
A phantom comes into view.
A phantom is nearby!
A phantom is nearby!
A phantom is nearby!
Found 7 gold pieces.
The phantom hits you.
The phantom blinks!
You blink.
You slash the phantom! Your headbutt misses the phantom.
The phantom is severely damaged.
The phantom closely misses you. You furiously retaliate!
You headbutt the phantom. The phantom hits you.
The phantom blinks!
You blink.
You slash the phantom!
You destroy the phantom!
Your Axes skill increases to level 5!
No target in view!
No target in view!
No target in view!
No target in view!
No target in view!
No target in view!
HP restored.
You now have 122 gold pieces (gained 9).
An ogre comes into view. It is wielding a +0 giant club.
The ogre shouts!
An ogre is nearby!
An ogre is nearby!
An ogre is nearby!
The ogre barely misses you.
You hit the ogre. You headbutt the ogre!
The ogre is severely wounded.
The ogre hits you with a +0 giant club!
You barely miss the ogre.
The ogre is heavily wounded.
The ogre hits you with a +0 giant club!!
* * * LOW HITPOINT WARNING * * *
You are too injured to fight recklessly!
You are too injured to fight recklessly!
You are too injured to fight recklessly!
You are too injured to fight recklessly!
You slash the ogre! Your headbutt misses the ogre.
The ogre is almost dead.
The ogre hits you with a +0 giant club!!
Ouch! That really hurt!
You die...

..#....................
##..........†.).##...
#...............##.
#..........<.....)..
#..............#....
##.#.......#.####...
#.....?....#.## .#.
#..$..........# #
.........@.....#
..........O.#..#
.......#.......#
.......###....##
..#..## .##.# ### ## ##


You could see an ogre.

Vanquished Creatures
  Grinder (D:3)
  A phantom (D:4)
  A hound (D:3)
  A jelly (D:4)
  Jessica (D:2)
  2 adders (D:2)
  2 worms (D:2)
  A dart slug (D:1)
  An orc (D:3)
  4 bats
  6 endoplasms
  2 giant cockroaches
  7 goblins
  3 hobgoblins
  2 quokkas
  10 ball pythons
  2 frilled lizards
  7 kobolds
  4 rats
58 creatures vanquished.

Notes
Turn   | Place    | Note
-------+----------+-------------------------------------------
     0 | D:1      | Flugkiller the Minotaur Fighter began the quest for the
                  | Orb.
     0 | D:1      | Reached XP level 1. HP: 19/19 MP: 0/0
   177 | D:1      | Reached XP level 2. HP: 27/27 MP: 1/1
   635 | D:1      | Found a faded altar of an unknown god.
  1026 | D:2      | Reached XP level 3. HP: 33/33 MP: 2/2
  1214 | D:2      | Noticed Jessica
  1222 | D:2      | Killed Jessica
  1223 | D:2      | Reached XP level 4. HP: 41/41 MP: 3/3
  1749 | D:3      | Found a hazy altar of Hepliaklqana.
  1749 | D:3      | Found an opulent altar of Gozag.
  1882 | D:3      | Noticed Grinder
  1889 | D:3      | Killed Grinder
  1890 | D:3      | Reached skill level 5 in Fighting
  1890 | D:3      | Reached skill level 5 in Armour
  1890 | D:3      | Reached XP level 5. HP: 29/48 MP: 4/4
  1890 | D:3      | Reached XP level 6. HP: 34/56 MP: 5/5
  2440 | D:4      | Reached skill level 5 in Axes
  2484 | D:4      | Mangled by an ogre

Illustrated notes

Levels and vault maps discovered:
D:1:      arrival_zaba_pyramid, layout_basic,
          shapermc_ecumenical_altar_totnotflames
D:2:      layout_basic, grunt_ministairs_1, uniq_jessica
D:3:      layout_loops_cross, gammafunk_temple_overflow_pools,
          palyth_stone_intersect, uniq_grinder
D:4:      layout_cave_pools, minmay_misc_feat_encased, kennysheep_generic_room_9

Skill      XL: |  1  2  3  4  5  6 |
---------------+-------------------+-----
Armour         | 4 5 |  5.8
Fighting       | 4 5 |  5.7
Axes           | 3 4 5 |  5.0
Shields        | 4 |  4.8

Action                     |  1- 3 |  4- 6 || total
---------------------------+-------+-------++-------
  Melee: War axe           |    73 |    52 ||   125
         Headbutt          |    11 |    11 ||    22
         Hand axe          |    13 |       ||    13
    Use: Scroll            |       |     6 ||     6
 Armour: Scale mail        |    46 |    21 ||    67
  Dodge: Dodged            |    40 |    15 ||    55
  Block: Buckler           |    14 |    15 ||    29
